Map: Ruins of Seras

Players

BunnyWillis - Winner!

  • Race: Terran Terran
  • League: Grandmaster

IIIIIIIIIlll

  • Race: Zerg Zerg
  • League: Grandmaster

VOD

Have the link to the VOD?

Description

Time

  • Played on: Nov. 23, 2015, 12:18 a.m.
  • Length: 26:13
Show
View Real Time Build Order
Export as new Build Order

BunnyWillis Terran - Winner!

Build Orders: Command Center First (CC), MMM Bio 

Get SALT Encoding   

  12  0:01  SCV  
  13  0:13  SCV  
  14  0:18  Supply Depot  
  14  0:25  SCV  
  15  0:40  SCV  
  16  0:52  SCV  
  17  1:01  Command Center  
  17  1:04  SCV  
  18  1:16  SCV  
  19  1:23  Barracks  
  19  1:28  SCV  
  20  1:34  Barracks  
  20  1:40  SCV  
  21  1:52  SCV  
  21  1:53  Refinery  
  22  2:11  Marine, Orbital Command  
  22  2:13  Orbital Command  
  23  2:21  Marine  
  24  2:26  Barracks  
  24  2:29  Marine  
  25  2:37  SCV  
  26  2:39  Bunker  
  26  2:42  SCV  
  27  2:51  SCV  
  27  2:52  Barracks Tech Lab  
  27  2:54  SCV  
  27  2:56  Barracks Tech Lab  
  28  3:03  SCV  
  28  3:04  Bunker  
  29  3:06  SCV  
  30  3:14  Marauder x2  
  30  3:15  Marine  
  30  3:17  SCV  
  30  3:18  SCV, Supply Depot  
  37  3:25  Supply Depot  
  37  3:30  Stimpack  
  37  3:31  SCV  
  38  3:40  Supply Depot, SCV, Marine  
  40  3:42  Marauder  
  40  3:47  SCV  
  43  3:50  Marauder  
  43  3:52  SCV  
  46  3:57  Marine  
  46  3:59  SCV  
  46  4:02  Barracks  
  48  4:03  Refinery  
  48  4:04  SCV  
  48  4:09  Marauder  
  51  4:11  SCV, Marauder  
  51  4:15  Marine  
  51  4:16  SCV  
  56  4:23  SCV  
  55  4:31  Marauder  
  56  4:32  SCV, Marine  
  56  4:35  Marine  
  59  4:41  Supply Depot  
  59  4:42  Supply Depot  
  59  4:44  Supply Depot  
  59  4:46  Concussive Shells  
  59  4:48  SCV x2  
  61  4:58  Barracks Reactor  
  61  5:02  SCV  
  61  5:03  Command Center, SCV, Marauder  
  61  5:04  Marauder  
  68  5:15  SCV x2  
  68  5:19  Barracks Reactor  
  69  5:22  Supply Depot  
  69  5:23  Refinery  
  69  5:25  Supply Depot  
  69  5:27  SCV x2  
  71  5:29  Marauder  
  71  5:31  Marauder  
  75  5:39  SCV, Factory  
  75  5:41  SCV  
  77  5:49  Marine x2  
  77  5:50  Refinery, Marine  
  77  5:51  SCV  
  77  5:52  Marine  
  82  5:57  SCV  
  82  6:00  Marine  
  82  6:01  Marine  
  82  6:03  Combat Shields  
  85  6:06  SCV  
  85  6:07  Marine x2  
  85  6:09  SCV  
  89  6:19  Orbital Command  
  89  6:20  SCV  
  89  6:21  Engineering Bay  
  89  6:22  SCV  
  89  6:23  Engineering Bay  
  89  6:25  Factory Reactor  
  91  6:32  Starport  
  91  6:33  Marine  
  91  6:34  Marine x2  
  94  6:47  SCV  
  95  6:54  Marine  
  95  6:55  Marauder, Marine  
  94  7:03  Marine x2  
  94  7:06  Marine  
  94  7:07  Orbital Command  
  88  7:12  Marine  
  74  7:17  Marauder  
  74  7:19  Terran Infantry Weapons Level 1, Terran Infantry Armor Level 1  
  74  7:21  Barracks  
  74  7:22  Barracks  
  76  7:23  Barracks  
  76  7:24  Marauder  
  76  7:28  Factory Reactor  
  78  7:31  Medivac x2  
  82  7:38  Marauder, Marine x3  
  82  7:39  Marine  
  88  7:46  Missile Turret, Marauder  
  88  7:49  Missile Turret x2  
  90  7:53  Missile Turret  
  90  7:56  Marine x4  
  94  7:59  Marauder  
  96  8:07  Marauder  
  96  8:08  Widow Mine x2  
  96  8:09  Medivac x2  
  96  8:10  Barracks Reactor x2  
  108  8:19  Supply Depot  
  106  8:20  Supply Depot  
  106  8:21  Supply Depot  
  106  8:23  Barracks Reactor  
  106  8:32  Command Center  
  106  8:35  Armory  
  106  8:40  Marine  
  106  8:41  Marine  
  108  8:47  Marine  
  108  8:48  Marine x4  
  108  8:49  Marine, Marauder x2  
  111  8:57  Widow Mine  
  111  8:58  Medivac, Widow Mine  
  111  8:59  Medivac  
  119  9:06  Marine x4  
  123  9:10  Marauder x2  
  127  9:22  Terran Infantry Weapons Level 2, Terran Infantry Armor Level 2  
  127  9:28  Medivac  
  127  9:29  Medivac  
  127  9:31  Marine x5  
  122  9:32  Marine x4  
  122  9:33  Marauder  
  122  9:37  Supply Depot, Widow Mine  
  137  9:38  Marauder  
  137  9:40  Supply Depot  
  137  9:54  SCV x2  
  137  9:56  Refinery, Marine  
  137  9:57  Refinery, Marine x8  
  139  10:14  Marine x2  
  139  10:15  Marine x6  
  139  10:16  Marine x2, Marauder  
  139  10:19  SCV x2  
  139  10:20  SCV  
  143  10:23  Missile Turret  
  143  10:31  SCV x2  
  143  10:32  SCV  
  143  10:33  Marine x2  
  130  10:45  Marine x2  
  108  10:50  Marine x3  
  108  10:53  Widow Mine x2  
  108  10:54  Medivac x2  
  108  10:55  Marine x3  
  108  10:56  Marine  
  119  11:02  Marine  
  119  11:03  Marine  
  114  11:06  Marine x2  
  114  11:07  Marine  
  114  11:08  Marine x2  
  114  11:09  Marine  
  105  11:17  Marine x2  
  107  11:24  Medivac x2  
  111  11:27  Marine x2  
  111  11:28  Marine x4  
  117  11:41  Planetary Fortress  
  117  11:43  Terran Infantry Weapons Level 3  
  117  11:48  Widow Mine x2  
  117  11:52  Marine x2  
  117  11:53  Marine x6  
  117  11:54  Medivac x2  
  131  11:56  Marine x2  
  131  11:58  Marauder  
  131  12:00  Marauder  
  139  12:05  Terran Infantry Armor Level 3  
  139  12:11  Marine x6  
  145  12:19  Marauder  
  145  12:22  Liberator x2  
  147  12:24  Marine  
  147  12:25  Marine  
  144  12:30  Marine  
  144  12:31  Marine x2  
  144  12:33  Marine  
  144  12:34  Marine  
  139  12:37  Widow Mine x2  
  147  12:46  Marine  
  147  12:47  Marine x2  
  147  12:50  Marine x2  
  129  12:59  Marine x4  
  129  13:00  Marauder x2  
  129  13:05  Liberator x2  
  137  13:14  Marine x4  
  137  13:19  SCV x4  
  145  13:21  Marauder x2  
  155  13:29  Marine x3  
  155  13:40  Widow Mine x2  
  159  13:41  Marine x2  
  159  13:43  Marauder  
  159  13:45  Marine x4  
  159  13:46  Marauder, Marine  
  159  13:47  Liberator  
  170  13:50  Command Center  
  170  13:55  Liberator  
  170  13:57  Marine x2  
  168  14:04  Marauder  
  168  14:05  Marine x5  
  168  14:06  Marine x3  
  179  14:12  Widow Mine x2  
  179  14:13  Marauder  
  181  14:28  Marine x3  
  181  14:30  Liberator  
  182  14:38  Marine x2, Liberator  
  171  14:39  Marine x2  
  171  14:40  Marauder  
  180  14:54  Marine x2  
  180  14:55  Marauder, Marine x4  
  180  14:56  Marine  
  190  15:01  Marauder  
  182  15:10  Marine  
  182  15:11  Marine x2  
  182  15:12  Marine x2  
  187  15:17  Marauder  
  189  15:22  Marauder  
  189  15:28  Terran Vehicle Weapons Level 1  
  191  15:29  Starport  
  191  15:30  Medivac  
  191  15:35  SCV x4  
  187  15:36  Orbital Command  
  187  15:38  Medivac  
  181  15:43  Marine x2  
  181  15:44  Marine x2  
  183  15:53  Marine x5  
  183  15:54  Marine  
  189  16:00  Medivac  
  189  16:03  Marine  
  192  16:08  Marine x3, Medivac  
  197  16:17  Marine x2  
  199  16:29  Marine x3  
  200  16:43  Liberator  
  200  16:47  Marine x2  
  200  16:48  Marine  
  187  16:58  Marine x4  
  187  16:59  Marauder, Marine x2  
  187  17:00  Marauder  
  200  17:02  Hi-Sec Auto Tracking  
  200  17:03  Building Armor  
  200  17:22  Marine x2  
  197  17:23  Marine x2  
  197  17:24  Marine  
  200  17:34  Liberator x4  
  197  17:38  Command Center  
  187  17:50  Marine x3  
  180  18:17  Liberator  
  180  18:20  Marine x3  
  180  18:21  Marine x4  
  180  18:22  Marauder  
  186  18:33  Liberator  
  186  18:34  Medivac x2  
  186  18:39  Marine x5  
  186  18:40  Marine x4  
  196  18:42  Marauder  
  196  18:43  Marauder  
  169  19:00  Marine  
  169  19:01  Marine x5  
  169  19:02  Marine x3  
  165  19:03  Marauder  
  165  19:07  Marine x2, Liberator x3  
  165  19:17  Liberator  
  165  19:25  Marauder  
  165  19:26  Marauder  
  165  20:00  Liberator  
  165  20:01  Liberator x2  
  134  20:32  Orbital Command  
  134  20:34  Orbital Command  
  134  20:35  Liberator  
  128  20:39  Orbital Command  
  128  20:42  Marine x2  
  128  20:43  Marine x5  
  128  20:44  Marauder, Marine x2  
  140  21:11  Marine x5  
  140  21:12  Marine x3  
  140  21:13  Marauder  
  150  21:30  Marine x4  
  150  21:31  Marine x3  
  157  21:42  Marine  
  157  22:05  Liberator  
  157  22:11  Liberator  
  157  22:24  Marauder  
  157  22:25  Marine x4  
  157  22:28  Marauder, Marine x4  
  163  22:35  Marine x2  
  165  22:45  Marine x2  
  165  22:58  Liberator x2  
  165  23:09  Liberator  
  165  23:15  Marine x5  
  165  23:16  Marauder  
  164  23:28  Medivac  
  164  23:34  Marine x3  
  140  23:54  Marine x2  
  140  23:55  Marine x10  
  142  23:58  Medivac x3  
  148  24:09  Medivac  
  147  24:12  Marine x2  
  147  24:13  Marine  
  125  24:26  Marine x5  
  125  24:27  Marauder, Marine  
  125  24:28  Medivac x2  
  137  24:37  Orbital Command  
  137  24:41  Marine x5  
  137  24:44  Marine  
  137  24:48  Marauder  
  135  25:18  Orbital Command  
Show
View Real Time Build Order
Export as new Build Order

IIIIIIIIIlll Zerg 

Build Orders: Hatch First, Muta Ling Bane 

Get SALT Encoding   

  12  0:01  Drone  
  13  0:12  Drone  
  14  0:19  Overlord  
  14  0:32  Extractor  
  14  0:33  Drone  
  15  0:42  Drone  
  16  0:45  Drone  
  17  0:57  Hatchery  
  17  1:00  Drone  
  17  1:05  Extractor  
  17  1:09  Drone  
  17  1:21  Spawning Pool  
  17  1:22  Drone  
  17  1:34  Overlord  
  17  1:40  Drone  
  18  2:01  Drone  
  19  2:08  Roach Warren, Queen  
  19  2:09  Zergling x2  
  19  2:15  Queen  
  23  2:25  Overlord  
  23  2:49  Roach x3  
  29  2:55  Roach  
  29  2:56  Roach x2  
  35  3:13  Drone x3  
  38  3:21  Drone  
  38  3:22  Drone x3  
  42  3:31  Overlord  
  42  3:32  Drone  
  43  3:47  Ravager  
  44  3:50  Ravager x2  
  46  3:57  Hatchery  
  45  4:03  Drone x2  
  45  4:04  Drone  
  45  4:05  Drone x3  
  51  4:10  Drone  
  49  4:24  Ravager  
  49  4:29  Drone x2  
  49  4:31  Overlord  
  52  4:43  Extractor  
  52  4:44  Overlord  
  51  4:49  Drone  
  51  4:50  Drone x2  
  51  4:51  Drone x3  
  57  4:59  Metabolic Boost  
  57  5:15  Queen  
  57  5:16  Drone x7  
  57  5:17  Drone x4  
  70  5:28  Lair  
  70  5:32  Overlord  
  70  5:33  Overlord  
  70  5:36  Extractor  
  69  5:44  Overlord x2  
  69  5:49  Baneling Nest  
  68  5:56  Drone  
  68  5:57  Drone x4  
  73  6:09  Extractor  
  73  6:10  Zergling x2  
  73  6:11  Zergling x6  
  76  6:14  Zergling x2  
  77  6:19  Zergling x2  
  77  6:20  Zergling x10  
  77  6:24  Ravager  
  84  6:26  Zergling x2  
  84  6:29  Spire  
  84  6:31  Evolution Chamber  
  84  6:34  Evolution Chamber, Baneling  
  84  6:35  Baneling x7  
  84  6:36  Zergling x2  
  84  6:42  Zergling x4  
  84  6:46  Hatchery, Extractor  
  84  6:47  Zergling x12  
  86  6:48  Extractor  
  80  7:02  Zergling x4  
  80  7:07  Zergling x2  
  68  7:19  Drone x4  
  68  7:20  Drone x4  
  76  7:26  Centrifical Hooks, Zerg Ground Armor Level 1, Zerg Melee Weapons Level 1  
  76  7:29  Spire  
  75  7:34  Zergling x4  
  75  7:36  Baneling x6  
  75  7:37  Baneling x2  
  77  7:41  Zergling x2  
  78  7:44  Zergling x6  
  78  7:46  Overlord x4  
  81  7:51  Infestation Pit  
  80  7:59  Pneumatized Carapace  
  80  8:03  Drone x4  
  80  8:05  Drone  
  85  8:06  Drone x7  
  85  8:07  Drone  
  85  8:08  Zergling x4  
  85  8:09  Zergling x4  
  85  8:10  Overseer  
  97  8:20  Zergling x4  
  97  8:21  Zergling x6  
  97  8:23  Zergling x4  
  104  8:37  Zergling x4  
  104  8:38  Zergling x10  
  104  8:40  Hive, Overlord  
  111  8:42  Mutalisk  
  112  8:48  Mutalisk x3  
  112  8:52  Mutalisk  
  119  8:58  Overlord x4  
  119  9:11  Mutalisk x3  
  119  9:12  Mutalisk  
  119  9:14  Overlord x3  
  127  9:27  Mutalisk x4  
  127  9:28  Mutalisk  
  133  9:37  Zerg Melee Weapons Level 2  
  133  9:45  Baneling  
  133  9:46  Drone x4, Baneling x2  
  133  9:47  Drone x5  
  142  9:53  Zergling x2  
  142  9:54  Zergling x14  
  150  10:05  Zergling x6  
  150  10:06  Zergling x8  
  157  10:07  Ultralisk Cavern  
  157  10:08  Overlord  
  152  10:14  Overlord  
  152  10:19  Extractor  
  152  10:20  Extractor  
  149  10:23  Adrenal Glands  
  149  10:24  Zerg Ground Armor Level 2  
  149  10:33  Zergling x8  
  149  10:34  Zergling x10  
  137  10:43  Zergling x6  
  135  10:55  Ultralisk x2  
  147  10:58  Ultralisk  
  127  11:12  Ultralisk  
  127  11:13  Zergling x2  
  127  11:14  Zergling x18  
  143  11:21  Drone  
  144  11:27  Baneling x4  
  144  11:28  Zergling x6  
  144  11:29  Chitinous Plating  
  144  11:37  Drone x4  
  148  11:46  Hatchery  
  147  11:49  Ultralisk x2  
  159  12:01  Ultralisk  
  165  12:02  Ultralisk  
  165  12:05  Overlord x2  
  165  12:08  Zergling x10  
  174  12:09  Zergling x8  
  180  12:22  Overlord  
  180  12:29  Overlord  
  167  12:30  Overlord x2  
  167  12:35  Zergling x2  
  167  12:36  Zergling x4  
  167  12:43  Zergling x10  
  167  12:44  Queen, Zergling x2  
  169  12:47  Overlord x2  
  169  12:49  Zerg Missile Weapons Level 1, Zerg Melee Weapons Level 3  
  145  12:59  Zergling x2  
  145  13:00  Zergling x12  
  145  13:01  Overlord  
  152  13:06  Ultralisk  
  152  13:11  Ultralisk  
  164  13:17  Ultralisk  
  164  13:19  Zergling x2  
  171  13:29  Ultralisk  
  177  13:39  Ultralisk x2  
  186  13:43  Baneling x4  
  186  13:44  Mutalisk x2, Baneling x3  
  190  13:51  Mutalisk  
  190  13:53  Zergling x10  
  197  14:00  Drone x3  
  197  14:01  Drone x4  
  199  14:03  Mutalisk  
  198  14:21  Mutalisk x2  
  190  14:27  Zergling x2  
  190  14:29  Mutalisk x4  
  197  14:36  Zergling x8  
  200  14:43  Zerg Ground Armor Level 3  
  198  14:50  Zergling x8  
  195  14:54  Queen  
  195  14:59  Zergling x4  
  190  15:00  Zergling x6  
  190  15:01  Zergling x2  
  189  15:07  Zergling x2  
  189  15:08  Zergling x8  
  192  15:17  Zergling x10  
  192  15:18  Zergling x8  
  199  15:25  Overlord x2  
  184  15:30  Zergling x10  
  184  15:32  Mutalisk x2  
  186  15:42  Mutalisk x4  
  186  15:45  Extractor  
  186  15:46  Extractor  
  186  15:47  Mutalisk  
  177  15:50  Zerg Missile Weapons Level 2  
  177  15:51  Mutalisk x2  
  177  15:52  Mutalisk  
  177  15:53  Queen  
  177  15:56  Hatchery, Mutalisk  
  184  15:58  Zergling x2  
  184  16:00  Zergling x4  
  183  16:05  Overlord  
  183  16:08  Mutalisk x2  
  188  16:11  Zergling x8  
  190  16:28  Hatchery, Corruptor x3, Overseer x2  
  195  16:35  Drone  
  191  16:54  Drone  
  191  16:55  Drone x8  
  191  17:00  Mutalisk  
  200  17:01  Overlord  
  200  17:21  Zergling x4  
  200  17:22  Zergling x2  
  188  17:28  Hatchery  
  181  17:36  Drone x3  
  174  17:50  Mutalisk x2  
  174  17:51  Mutalisk x8  
  161  17:55  Corruptor  
  175  18:51  Hatchery  
  175  18:54  Ultralisk x3  
  170  19:04  Hatchery  
  165  19:14  Baneling Nest  
  164  19:17  Lair  
  161  19:38  Zergling x8  
  162  19:39  Zergling x4  
  164  19:53  Hatchery  
  164  19:56  Zergling x4  
  164  19:57  Zergling x4  
  167  20:02  Hatchery  
  108  20:21  Queen, Zergling x10  
  115  20:29  Zergling x6  
  115  20:30  Queen x2  
  122  20:48  Drone x4  
  122  20:49  Spire  
  124  20:54  Hydralisk Den  
  124  20:55  Extractor  
  120  20:58  Drone x2  
  120  20:59  Drone  
  113  21:12  Extractor  
  113  21:13  Extractor  
  113  21:14  Baneling  
  111  21:20  Extractor  
  111  21:25  Zergling x10  
  113  21:26  Zergling x6  
  113  21:30  Spire  
  113  21:32  Drone x4  
  116  21:37  Hydralisk x3  
  116  21:38  Hydralisk  
  123  21:40  Hatchery  
  123  21:46  Hydralisk x3  
  123  21:47  Hydralisk  
  130  21:58  Hydralisk x4  
  130  22:00  Overlord x2  
  138  22:03  Zergling x4  
  138  22:04  Zergling x2  
  141  22:08  Zergling x2  
  139  22:16  Hydralisk x3  
  139  22:20  Hydralisk  
  141  22:28  Hydralisk  
  143  22:47  Hatchery  
  143  22:51  Hydralisk x3  
  141  22:52  Hatchery  
  141  22:53  Drone x3  
  149  23:01  Hydralisk  
  149  23:04  Extractor  
  149  23:05  Extractor  
  144  23:23  Hydralisk  
  78  23:40  Hydralisk x2  
  64  23:47  Drone x2  
  49  23:57  Drone  
  41  24:27  Drone x6  
  41  24:28  Drone x3  
  36  24:56  Drone  
  36  24:57  Drone x3  
  40  25:00  Hatchery  
  39  25:08  Extractor  
  39  25:10  Hatchery  
  33  25:29  Drone x4  
  33  25:30  Drone  
Tags
 
Add a new tag
Caveats
  • Supply blocks, unpowered buildings, or Contaminate may cause inaccurate times.
  • Supply counts are checked every 10 seconds.